 Dungeon Crawl Stone Soup version 0.19.1 (webtiles) character file.

1654 Krapule the Shield-Bearer (level 9, -4/61 HPs)
             Began as a Halfling Fighter on Dec 1, 2016.
             Was a Believer of Okawaru.
             Killed by divine providence
             ... invoked by an orc priest
              (13 damage)
             ... on level 6 of the Dungeon.
             The game lasted 00:26:28 (5897 turns).

Krapule the Shield-Bearer (Halfling Fighter)        Turns: 5897, Time: 00:26:28

Health: -4/61      AC: 10    Str: 19    XL:     9   Next: 19%
Magic:  11/11      EV: 15    Int:  6    God:    Okawaru [**....]
Gold:   279        SH: 11    Dex: 15    Spells: 0 memorised, 8 levels left

rFire  . . .     SeeInvis .     b - +2 dagger (protect)
rCold  + . .     Gourm    .     D - +2 leather armour {rC+}
rNeg   . . .     Faith    .     c - +0 shield
rPois  +         Spirit   .     (no helmet)
rElec  .         Reflect  .     t - +0 cloak
rCorr  .         Harm     .     A - +0 pair of gloves
MR     .....                    I - +1 pair of boots
Stlth  +++.......               s - amulet of regeneration
                                (no ring)
                                w - ring of poison resistance

@: no status effects
A: mutation resistance 1
a: Heroism, Renounce Religion


You were on level 6 of the Dungeon.
You worshipped Okawaru.
Okawaru was pleased with you.
You were not hungry.

You visited 2 branches of the dungeon, and saw 7 of its levels.
You also visited: Ossuary.

You collected 279 gold pieces.

Inventory:

Hand Weapons
 a - a +0 hunting sling
 b - a +2 dagger of protection (weapon)
 G - a +1 rapier
Missiles
 r - 118 stones (quivered)
 x - 20 sling bullets
Armour
 c - a +0 shield (worn)
 t - a +0 cloak (worn)
 A - a +0 pair of gloves (worn)
 D - a +2 leather armour of cold resistance (worn)
 F - a +1 leather armour of cold resistance
 I - a +1 pair of boots (worn)
Jewellery
 s - an amulet of regeneration (around neck)
 w - a ring of poison resistance (left hand)
 B - a +5 amulet of reflection
 H - an uncursed ring of ice
 J - an uncursed ring of wizardry
 N - an uncursed ring of fire
Wands
 u - a wand of confusion (46/48)
Scrolls
 e - a scroll of vulnerability {unknown}
 k - 3 scrolls of remove curse
 m - 2 scrolls of recharging
 n - a scroll of magic mapping {unknown}
 y - 2 scrolls of identify
 M - a scroll of noise {unknown}
Potions
 d - a potion of might
 g - 2 potions of ambrosia
 i - 8 potions of curing {unknown}
 j - a potion of berserk rage
 l - a potion of magic
 o - a potion of flight
 p - a potion of haste
 v - 3 potions of heal wounds
 C - 3 potions of agility
 E - a potion of brilliance
 K - 2 potions of beneficial mutation {unknown}
Comestibles
 f - 6 bread rations
 h - 4 beef jerkies
 q - 8 fruits
 z - a royal jelly
 L - 2 chunks of flesh


   Skills:
 + Level 5.0 Fighting
 + Level 5.7 Short Blades
 + Level 1.3 Slings
 - Level 5.0 Armour
 + Level 4.7 Dodging
 + Level 4.4 Stealth
 + Level 5.9 Shields
 + Level 3.3 Invocations


You had 8 spell levels left.
You didn't know any spells.

Dungeon Overview and Level Annotations

Branches:
Dungeon (6/15)             Temple (1/1) D:4

Altars:
Cheibriados
Elyvilon
Gozag
Hepliaklqana
Makhleb
Nemelex Xobeh
Okawaru
Qazlal
Ru
Sif Muna
Uskayaw
Xom
Zin


Innate Abilities, Weirdness & Mutations

You are small and have problems with some larger weapons.
You are somewhat resistant to further mutation.


Message History

The orc priest mumbles some strange prayers to Beogh against you.
Beogh smites you!
* * * LOW HITPOINT WARNING * * *
The crimson imp blinks!
You block the crimson imp's attack. The bullfrog closely misses you.
The orc priest mumbles some strange prayers to Beogh against you.
Beogh smites you!
* * * LOW HITPOINT WARNING * * *
You block the crimson imp's attack.
You are confused.
You feel invigorated. The bullfrog barely misses you.
The crimson imp completely misses you. The bullfrog closely misses you.
You bump into the rock wall.
You feel less invigorated.
You feel less confused. The bullfrog hits you.
* * * LOW HITPOINT WARNING * * *
You block the bullfrog's attack.
The orc priest invokes the aid of Beogh against you.
Beogh smites you!
You die...

#.)....#
#)#.# #o#)#
#.#.# #.#.#
#o#.# #.5.#
###F# #@#
#.# #.#
#.########..
#...<......#
#......>....
##########.#


You could see a bullfrog, an orc priest and a crimson imp.

Vanquished Creatures
  A phantom (D:4)
  An ogre (D:4)
  A wyvern zombie (D:6)
  9 scorpions
  A howler monkey (D:4)
  3 centaur zombies (Ossuary)
  An orc priest (D:5)
  A hound (D:6)
  A human zombie (Ossuary)
  A bullfrog skeleton (D:5)
  4 orc wizards
  Crazy Yiuf (D:2)
  Natasha (thrice) (D:2)
  7 worker ants
  A big kobold zombie (Ossuary)
  3 mummies (Ossuary)
  A worker ant zombie (D:5)
  3 gnolls (D:3)
  8 adders
  4 scorpion zombies (Ossuary)
  An adder skeleton (D:5)
  4 worms
  3 dart slugs
  A leopard gecko (D:4)
  13 orcs
  2 ball pythons
  8 bats
  2 giant cockroaches
  3 gnoll zombies (Ossuary)
  12 goblins
  10 hobgoblins
  6 jackals
  A quokka (D:3)
  4 frilled lizards
  3 goblin zombies
  2 hobgoblin zombies (Ossuary)
  A jackal skeleton (D:5)
  9 kobolds
  2 kobold zombies (Ossuary)
  A leopard gecko zombie (D:5)
  3 orc zombies (Ossuary)
  A quokka zombie (D:5)
  15 rats
  A fungus (D:2)
163 creatures vanquished.

Vanquished Creatures (others)
  A scorpion (Ossuary)
  A goblin zombie (Ossuary)
2 creatures vanquished.

Grand Total: 165 creatures vanquished

Notes
Turn   | Place    | Note
-------+----------+-------------------------------------------
     0 | D:1      | Krapule the Halfling Fighter began the quest for the Orb.
     0 | D:1      | Reached XP level 1. HP: 15/15 MP: 1/1
   121 | D:1      | Reached XP level 2. HP: 20/20 MP: 2/2
   416 | D:1      | Reached XP level 3. HP: 25/25 MP: 3/3
   538 | D:1      | Reached skill level 1 in Dodging
   810 | D:2      | Noticed Natasha
   824 | D:2      | Killed Natasha
   824 | D:2      | Reached skill level 1 in Stealth
   824 | D:2      | Reached XP level 4. HP: 13/30 MP: 4/4
  1305 | D:2      | Noticed Natasha
  1336 | D:2      | Killed Natasha
  1336 | D:2      | Reached XP level 5. HP: 16/36 MP: 5/5
  1865 | D:2      | Noticed Natasha
  1875 | D:2      | Killed Natasha
  2033 | D:2      | Found a runed door.
  2037 | D:2      | Noticed Crazy Yiuf
  2048 | D:2      | Killed Crazy Yiuf
  2048 | D:2      | Reached XP level 6. HP: 21/42 MP: 6/6
  2686 | D:3      | Found an opulent altar of Gozag.
  2686 | D:3      | Found a glowing silver altar of Zin.
  3124 | D:4      | Noticed a phantom
  3169 | D:4      | Killed a phantom
  3169 | D:4      | Reached XP level 7. HP: 42/47 MP: 7/7
  3221 | D:4      | Found a snail-covered altar of Cheibriados.
  3290 | D:4      | Found a staircase to the Ecumenical Temple.
  3298 | Temple   | Entered the Ecumenical Temple
  3323 | Temple   | Became a worshipper of Warmaster Okawaru
  3796 | D:4      | Found a sand-covered staircase.
  3803 | Ossuary  | Entered an ossuary
  3836 | Ossuary  | Reached skill level 5 in Armour
  3869 | Ossuary  | Reached skill level 1 in Invocations
  3932 | Ossuary  | Reached XP level 8. HP: 48/54 MP: 8/8
  4145 | Ossuary  | Reached * piety under Okawaru
  4177 | Ossuary  | Reached skill level 5 in Shields
  4402 | Ossuary  | Reached skill level 5 in Short Blades
  4701 | D:4      | Reached ** piety under Okawaru
  4912 | D:4      | Reached XP level 9. HP: 60/60 MP: 11/11
  5053 | D:5      | Entered Level 5 of the Dungeon
  5832 | D:6      | Reached skill level 1 in Slings
  5861 | D:6      | Reached skill level 5 in Fighting
  5892 | D:6      | HP: 1/61 [orc priest/divine providence (14)]
  5897 | D:6      | Killed from afar by an orc priest

Skill      XL: |  1  2  3  4  5  6  7  8  9 |
---------------+----------------------------+-----
Dodging        | 1 2 3 4 |  4.7
Short Blades   | 3 4 5 |  5.7
Stealth        | 1 2 3 4 |  4.4
Fighting       | 3 4 5 |  5.0
Armour         | 4 5 |  5.0
Shields        | 4 5 |  5.9
Invocations    | 1 2 3 |  3.3
Slings         | 1 |  1.3

Action                   |  1- 3 |  4- 6 |  7- 9 || total
-------------------------+-------+-------+-------++-------
Melee: Rapier            |    89 |   276 |    53 ||   418
       Dagger            |       |       |   633 ||   633
 Fire: Hunting sling     |       |       |    20 ||    20
Evoke: Wand              |       |     1 |     1 ||     2
  Use: Scroll            |       |     7 |     9 ||    16
       Potion            |       |       |     1 ||     1
 Stab: Sleeping          |       |     4 |     6 ||    10
       Invisible         |       |     2 |       ||     2
       Distracted        |       |       |     1 ||     1
       Confused          |       |       |     1 ||     1
  Eat: Chunk             |       |     7 |     4 ||    11
       Meat ration       |       |       |     1 ||     1
       Pizza             |       |       |     1 ||     1
Armor: Scale mail        |    13 |       |       ||    13
       Ring mail         |    10 |    27 |       ||    37
       Leather armour    |       |    13 |   141 ||   154
Dodge: Dodged            |    33 |    80 |   174 ||   287
Block: Shield            |    47 |   113 |   252 ||   412
